 Dungeon Crawl Stone Soup version 0.31-a0-479-g91c9547826 (webtiles) character file.

Game seed: 15979916681830561087

11 Ethylacetat the Chopper (level 2, -6/16 HPs)
             Began as a Vine Stalker Monk on Aug 7, 2023.
             Mangled by a gnoll
             ... wielding a +0 flail
              (11 damage)
             ... on level 1 of the Dungeon.
             The game lasted 00:00:20 (354 turns).

Ethylacetat the Chopper (Vine Stalker Monk)          Turns: 354, Time: 00:00:20

Health: -6/16      AC:  2    Str: 13    XL:     2   Next: 29%
Magic:  0/3        EV: 13    Int: 10    God:
Gold:   22         SH:  0    Dex: 16    Spells: 1/1 levels left

rFire   . . .        a - +0 hand axe
rCold   . . .        d - orb {light}
rNeg    . . .        b - +0 robe
rPois   .            (no helmet)
rElec   .            (no cloak)
rCorr   .            (no gloves)
SInv    .            (no boots)
Will    .....        (no amulet)
Stlth   +            (no ring)
HPRegen 0.22/turn    (no ring)
MPRegen 0.08/turn

%: guardian spirit
@: glowing
A: fangs 2, magic shield, antimagic bite, no potion heal 2
a: no special abilities


You were on level 1 of the Dungeon.
You visited 1 branch of the dungeon, and saw 1 of its levels.

You collected 22 gold pieces.

Inventory:

Hand Weapons
 a - a +0 hand axe (weapon)
Armour
 b - a +0 robe (worn)
 d - an orb of light (worn)
Potions
 c - a potion of ambrosia
 e - a potion of degeneration {unknown}


   Skills:
 + Level 2.9 Fighting
 + Level 2.9 Axes
 + Level 2.6 Dodging


You had one spell level left.
You didn't know any spells.
Your spell library was empty.

Dungeon Overview and Level Annotations

Branches:
Dungeon (1/15)

Altars:

Shops:
D:1 [


Innate Abilities, Weirdness & Mutations

You have extremely sharp teeth.
When hurt, damage is shared between your health and your magic reserves.
Your bite disrupts and absorbs the magic of your enemies.
Potions cannot restore your health.


Message History

Found an escape hatch in the floor.
No target in view!
There is an open door here.
There is an entrance to Uqeuclai's Antique Armour Emporium here.
You can access your shopping list by pressing '$'.
A ball python comes into view.
A ball python is nearby!
The ball python hisses angrily.
You slash the ball python!
You kill the ball python!
No target in view!
An endoplasm comes into view.
An endoplasm is nearby!
The endoplasm hits you.
You hit the endoplasm. You bite the endoplasm.
You kill the endoplasm!
No target in view!
Found a dagger.
No target in view!
No target in view!
There is a stone staircase leading down here.
You open the door.
A gnoll comes into view. It is wielding a +0 flail.
The gnoll shouts!
The gnoll barely misses you.
There is an open door here.
A gnoll is nearby!
You barely miss the gnoll. The gnoll hits you with a +0 flail.
You hit the gnoll.
The gnoll is moderately wounded.
The gnoll closely misses you. The gnoll hits you with a +0 flail!
A gnoll is nearby!
You are too injured to fight recklessly!
You are too injured to fight recklessly!
A gnoll is nearby!
You hit the gnoll but do no damage. You bite the gnoll, but do no damage.
The gnoll is moderately wounded.
The gnoll hits you with a +0 flail!
Ouch! That really hurt!
You die...

....###########.##############.#.
..............................∩..
.....################.....####.##
.....# #.........####8# .....#
#.........'..#.# .....#
#.........##...# .....#
#.....#######.##
#....############.....#######.###
#..............g@...............#
#...#############.....#########..
#.......... ...............# #..
#...##########.............####..
#..........................##<#.>
#....########...)..........##.#.#
#....#......#.#'#############.#.#
##'#)#.####.#.#.####### #.#..
#.#........#.#.......#######.###


You could see a gnoll.

Vanquished Creatures
  4 endoplasms (D:1)
  2 goblins (D:1)
  3 ball pythons (D:1)
  A rat (D:1)
10 creatures vanquished.

Notes
Turn   | Place    | Note
-------+----------+-------------------------------------------
     0 | D:1      | Ethylacetat the Vine Stalker Monk began the quest for the
                  | Orb.
     0 | D:1      | Reached XP level 1. HP: 11/11 MP: 2/2
   132 | D:1      | Reached XP level 2. HP: 16/16 MP: 3/3
   280 | D:1      | Found Uqeuclai's Antique Armour Emporium.
   354 | D:1      | Mangled by a gnoll

Illustrated notes

Levels and vault maps discovered:
D:1:      lemuel_arrival_cross, layout_basic, serial_shops, shop_statue

Action                     || total
---------------------------++-------
  Melee: Hand axe          ||    20
         Bite              ||     6
 Armour: Robe              ||     1
  Dodge: Dodged            ||    10

Table legend: (Time is in decaauts)
 A = Elapsed time spent in this place.
 B = Non-inter-level travel time spent in this place.
 C = Inter-level travel time spent in this place.
 D = Time resting spent in this place.
 E = Time spent auto-exploring this place.
 F = Levels seen in this place.
 G = Mean time per level.
                   A        B        C        D        E       F      G
               +--------+--------+--------+--------+--------+-----+--------+
         Total |    357 |    357 |      0 |      0 |    302 |   1 |  357.0 |
       Dungeon |    357 |    357 |      0 |      0 |    302 |   1 |  357.0 |
               +--------+--------+--------+--------+--------+-----+--------+

Top non-repeatable levels by time:
     D:1: 357 daAuts
